Construct Section Command Post
Selects Australian Defense Battlegroup
Selects Australian Light Infantry Section
Australian Light Infantry Section
Australian Light Infantry Section
Australian Light Infantry Section
Construct Field Infirmary
Selects CMP 15cwt Supply Run
Construct Platoon Command Post
Selects Reinforced Resource Caches
6-pounder Anti-tank Gun Team
Australian Light Infantry Section
Unlock Bishop Self-propelled Artillery
Selects Archer Tank Destroyer
Selects Defensive Tactics
Bishop Self-propelled Artillery
Australian Light Infantry Section